 Dungeon Crawl Stone Soup version 0.30-a0-702-gdf48620a09 (webtiles) character file.

Game seed: 16502821651107464788

485 hikkokomori the Digger (level 7, -5/43 HPs)
             Began as a Gargoyle Earth Elementalist on Jan 22, 2023.
             Was a Follower of Okawaru.
             Killed by divine providence
             ... invoked by an orc priest
              (12 damage)
             ... on level 4 of the Dungeon.
             The game lasted 00:03:49 (2325 turns).

hikkokomori the Digger (GrEE)                       Turns: 2325, Time: 00:03:50

Health: -5/43      AC:  7    Str: 12    XL:     7   Next: 13%
Magic:  21/22      EV: 16    Int: 17    God:    Okawaru [*.....]
Gold:   138        SH:  0    Dex: 10    Spells: 10/14 levels left

rFire   . . .      SeeInvis .    w - +1 mace (protect)
rCold   . . .      Faith    .    (no shield)
rNeg    + . .      Spirit   .    a - +0 robe
rPois   ∞          Reflect  .    (no helmet)
rElec   +          Harm     .    c - +0 cloak
rCorr   .          Rampage  .    (no gloves)
Will    .....                    (no boots)
Stlth   ++                       r - amulet of magic regeneration
HPRegen 0.27/turn                i - +5 ring of evasion
MPRegen 0.58/turn                k - ring of magical power

@: no status effects
A: sickness immunity, AC +4, negative energy resistance 1, electricity
resistance, torment resistance 1, petrification resistance
a: Renounce Religion, Heroism


You were on level 4 of the Dungeon.
You worshipped Okawaru.
Okawaru was aware of your devotion.
You visited 2 branches of the dungeon, and saw 5 of its levels.

You collected 138 gold pieces.

Inventory:

Hand Weapons
 e - a +0 dagger
 j - a +0 mace
 w - a +1 mace of protection (weapon)
Armour
 a - a +0 robe (worn)
 c - a +0 cloak (worn)
Jewellery
 i - a +5 ring of evasion (left hand)
 k - a ring of magical power (right hand)
 l - a ring of flight
 n - an amulet of regeneration
 r - an amulet of magic regeneration (around neck)
 s - an amulet of the acrobat
Scrolls
 d - a scroll of fear
 f - a scroll of identify
 g - a scroll of fog
 m - a scroll of teleportation
 o - a scroll of enchant armour {unknown}
 x - a scroll of enchant weapon
Potions
 b - a potion of magic
 h - 3 potions of curing {unknown}
 p - a potion of brilliance {unknown}
 q - 3 potions of attraction
 u - a potion of berserk rage {unknown}


   Skills:
 + Level 4.0 Fighting
 - Level 1.5 Dodging
 - Level 2.1 Stealth
 + Level 4.0 Spellcasting
 + Level 2.4 Conjurations
 - Level 0.7 Transmutations
 + Level 5.9 Earth Magic


You had 10 spell levels left.
You knew the following spells:

 Your Spells              Type           Power      Damage    Failure   Level
a - Sandblast             Erth           46%        2d11      1%          1
b - Stone Arrow           Conj/Erth      34%        3d9       9%          3

Your spell library contained the following spells:

 Spells                   Type           Power      Damage    Failure   Level
 Passwall                 Tmut/Erth      11%        N/A       6%          2
 Necrotise                Necr           12%        1d4       16%         1
 Lesser Beckoning         Tloc           6%         N/A       24%         2
 Petrify                  Tmut/Erth      14%        N/A       36%         4
 Gell's Gravitas          Tloc           3%         N/A       43%         3
 Teleport Other           Tloc           3%         N/A       43%         3
 Vampiric Draining        Necr           3%         2d6       43%         3
 Agony                    Necr           3%         N/A       99%         5


Dungeon Overview and Level Annotations

Branches:
Dungeon (4/15)             Temple (1/1) D:4

Altars:
Ashenzari
Cheibriados
Dithmenos
Fedhas
Kikubaaqudgha
Makhleb
Okawaru
Qazlal
Ru
Trog
Wu Jian
Yredelemnul
Zin

Annotations:
D:3 Terence


Innate Abilities, Weirdness & Mutations

You are immune to sickness and miasma.
Your stone body is resilient. (AC +4)
You are immune to poison.
You resist negative energy. (rN+)
You are resistant to electric shocks. (rElec)
You are resistant to unholy torment.
You are immune to petrification.


Message History

You feel much better.
Casting: Sandblast (safe; 1% risk of failure)
Confirm with . or Enter, or press ? or * to list all spells.
Aiming: Sandblast (safe; 1% risk of failure)
Press: ? - help, Shift-Dir - straight line, f - orc priest
Aim: an orc priest, wielding a +0 hand axe (83% to hit)
The blast of sand misses the orc priest.
The orc priest hits you with a +0 hand axe.
The orc priest looks braver for a moment.
The orc wizard hits you with a +0 dagger.
The orc priest closely misses you.
The orc wizard hits you with a +0 dagger.
Unknown command.
Casting: Sandblast (safe; 1% risk of failure)
Confirm with . or Enter, or press ? or * to list all spells.
Aiming: Sandblast (safe; 1% risk of failure)
Press: ? - help, Shift-Dir - straight line, f - orc priest, p - orc priest
Aim: an orc priest, wielding a +0 club and wearing a +0 leather armour (83% to hit)
The blast of sand hits the orc priest!
The orc priest is heavily wounded.
The orc priest mumbles some strange prayers to Beogh against you.
Pain shoots through your body! The orc wizard barely misses you.
Unknown command.
Casting: Sandblast (safe; 1% risk of failure)
Confirm with . or Enter, or press ? or * to list all spells.
Aiming: Sandblast (safe; 1% risk of failure)
Press: ? - help, Shift-Dir - straight line, f - orc wizard, p - orc priest
Aim: an orc wizard, wielding a +0 dagger and wearing a +0 robe (heavily wounded, 79% to hit)
The blast of sand hits the orc wizard but does no damage.
The orc wizard is heavily wounded.
The orc priest mumbles some strange prayers to Beogh against you.
Pain shoots through your body!
* * * LOW HITPOINT WARNING * * *
The orc wizard closely misses you.
The orc wizard hits you with a +0 dagger.
* * * LOW HITPOINT WARNING * * *
The orc priest misses you.
The orc priest invokes the aid of Beogh against you.
Beogh smites you!
You die...

.###### ######## .#....# #......#
****** .#....# #......# *,,,,*
.#....# #......# *######**,,,,***
.#....# #......###......,*,,,,,,,
.#....# #...............,*,,,,,,,
.#....###)..............,*,,,,,,,
.................o......,,,,,,,,,
.#....###.......@o.....!,*,,,,,,,
.###### #######.o..)....,*,,,,,,,
.##############.........,*,,,,,,,
.....##.......#...$.....,*,,,,,,,
..##.##.[.....####......,*,,,,,,,
..##.##.......# *.#####**,,,,,,,
#.##.##.......#***..,,* *,,,,,,,
...#..........#*.....** ********
#..####.......#*.#.#,# ######


You could see 2 orc priests and an orc wizard.

Vanquished Creatures
  A sky beast (D:4)
  An ogre (D:4)
  A bullfrog (D:4)
  2 jellies (D:4)
  An orc wizard (D:4)
  An iguana (D:4)
  2 adders
  4 gnolls (D:2)
  4 worms (D:2)
  2 dart slugs (D:2)
  2 orcs
  9 ball pythons
  6 endoplasms
  2 giant cockroaches
  7 goblins
  3 hobgoblins (D:1)
  2 jackals (D:1)
  3 quokkas
  5 bats
  4 frilled lizards
  3 kobolds
  2 rats (D:1)
67 creatures vanquished.

Notes
Turn   | Place    | Note
-------+----------+-------------------------------------------
     0 | D:1      | hikkokomori the Gargoyle Earth Elementalist began the quest
                  | for the Orb.
     0 | D:1      | Reached XP level 1. HP: 10/10 MP: 3/3
   133 | D:1      | Reached XP level 2. HP: 2/16 MP: 0/5
   291 | D:1      | Reached skill level 1 in Fighting
   319 | D:1      | Reached skill level 4 in Earth Magic
   583 | D:1      | Reached XP level 3. HP: 4/20 MP: 3/6
   930 | D:2      | Reached XP level 4. HP: 19/26 MP: 0/8
  1630 | D:2      | Learned a level 3 spell: Stone Arrow
  1745 | D:3      | Reached XP level 5. HP: 20/31 MP: 9/9
  1821 | D:3      | Noticed Terence
  1838 | D:4      | Reached skill level 5 in Earth Magic
  1882 | D:4      | Found a staircase to the Ecumenical Temple.
  1900 | Temple   | Entered the Ecumenical Temple
  1976 | Temple   | Became a worshipper of Warmaster Okawaru
  2075 | D:4      | Reached skill level 1 in Conjurations
  2075 | D:4      | Reached XP level 6. HP: 37/37 MP: 11/11
  2081 | D:4      | Noticed a sky beast
  2088 | D:4      | Killed a sky beast
  2283 | D:4      | Reached * piety under Okawaru
  2287 | D:4      | Reached XP level 7. HP: 42/42 MP: 12/12
  2325 | D:4      | Killed from afar by an orc priest

Illustrated notes

Levels and vault maps discovered:
D:1:      mushboom_english_gardens, layout_rooms, minmay_misc_feat_tiny
D:2:      layout_basic, minmay_misc_feat_encased,
          chequers_serial_rivers_large_b, nicolae_wormholes
D:3:      layout_basic, nicolae_hepliaklqana_hippocampus, dk_xom_monty_hall,
          ebering_ghost_disaster_area, uniq_sigmund, uniq_terence, uniq_pargi,
          uniq_robin, uniq_natasha
D:4:      layout_basic, kennysheep_mini_moat, minmay_temple_entry_antechambers
Temple:   dshaligram_water_room_temple

Skill      XL: |  1  2  3  4  5  6  7 |
---------------+----------------------+-----
Fighting       | 1 2 3 4 |  4.0
Earth Magic    | 4 5 |  5.9
Spellcasting   | 3 4 |  4.0
Conjurations   | 1 2 |  2.4
Dodging        | |  1.5
Stealth        | |  2.1
Transmutations | |  0.7

Action                   |  1- 3 |  4- 6 |  7- 9 || total
-------------------------+-------+-------+-------++-------
Melee: Unarmed           |    11 |       |       ||    11
       Mace              |     4 |    13 |     4 ||    21
 Cast: Sandblast         |    35 |    58 |     7 ||   100
  Use: Scroll            |       |    10 |       ||    10
       Potion            |       |       |     1 ||     1
 Stab: Sleeping          |       |     1 |       ||     1
Armor: Robe              |     5 |    11 |     2 ||    18
Dodge: Dodged            |    10 |    37 |     5 ||    52

Table legend: (Time is in decaauts)
 A = Elapsed time spent in this place.
 B = Non-inter-level travel time spent in this place.
 C = Inter-level travel time spent in this place.
 D = Time resting spent in this place.
 E = Time spent auto-exploring this place.
 F = Levels seen in this place.
 G = Mean time per level.
                   A        B        C        D        E       F      G
               +--------+--------+--------+--------+--------+-----+--------+
         Total |   2409 |   2344 |     65 |      0 |   1895 |   5 |  481.8 |
       Dungeon |   2316 |   2273 |     43 |      0 |   1835 |   4 |  579.0 |
        Temple |     92 |     70 |     22 |      0 |     60 |   1 |   92.0 |
               +--------+--------+--------+--------+--------+-----+--------+

Top non-repeatable levels by time:
     D:2: 867 daAuts
     D:1: 851 daAuts
     D:4: 424 daAuts
     D:3: 173 daAuts
  Temple: 92 daAuts
